cohdb
Replays
Latest Replays
All Replays
Popular Replays
Top Player Replays
Match Explorer
How It Works
Community
CoH3 Stats
Reddit
Sign in to upload your games and track your stats! →
Sign in with Steam
Match 45903832
Unlisted
Match 45903832
Overview
Messages
Build Orders
End
Construct Infanterie Kompanie
Selects Luftwaffe Battlegroup
Selects Luftwaffe Pioneer Support
Fallschirmpioneer Squad Paradrop
Grenadier Squad
Grenadier Squad
MG 42 Machine Gun Team
Construct Luftwaffe Kompanie
Construct Panzergrenadier Kompanie
Pak 40 Anti-tank Gun Team
Selects Stuka Strafing Run
Selects Fallschirmjäger Squad Paradrop
Fallschirmjäger Squad Paradrop
Support Elements
StuG III G Assault Gun
Medical Bunker
Construct Panzer Kompanie
Stoßtruppen Squad
Panzer IV Medium Tank
Stuka Strafing Run
Grand.G
BENDER
0
0
Comments
sign in to comment!
No comments posted yet!